 Dungeon Crawl Stone Soup version 0.28.0-43-g3370ac3207 (webtiles) character file.

Game seed: 7584102018255613766

303 vvl the Gusty (level 6, 0/50 HPs)
             Began as a Draconian Air Elementalist on Mar 15, 2022.
             Was an Initiate of Hepliaklqana.
             Killed by nerve-wracking pain
             ... invoked by Grinder
              (11 damage)
             ... on level 4 of the Dungeon.
             The game lasted 00:06:41 (4258 turns).

vvl the Gusty (Draconian Air Elementalist)          Turns: 4258, Time: 00:06:42

Health: 0/50       AC:  7    Str:  8 (11) XL:     6   Next: 15%
Magic:  5/10       EV: 12    Int: 14 (17) God:    Hepliaklqana [......]
Gold:   194        SH:  0    Dex:  8 (11) Spells: 10/11 levels left

rFire   . . .      SeeInvis .   b - +0 short sword (elec)
rCold   . . .      Faith    .   (no shield)
rNeg    . . .      Spirit   .   (armour unavailable)
rPois   .          Reflect  .   (helmet restricted)
rElec   .          Harm     .   (no cloak)
rCorr   .          Rampage  .   f - +0 pair of gloves
Will    .....                   (no boots)
Stlth   ++........              (no amulet)
HPRegen 0.16/turn               (no ring)
MPRegen 0.12/turn               (no ring)

@: flying
A: AC +6, unfitting armour, cold-blooded
a: Renounce Religion


You were on level 4 of the Dungeon.
You worshipped Hepliaklqana.
Hepliaklqana was noncommittal.
You visited 1 branch of the dungeon, and saw 4 of its levels.

You collected 194 gold pieces.

Inventory:

Hand Weapons
 b - a +0 short sword of electrocution (weapon)
Armour
 f - a +0 pair of gloves (worn)
Scrolls
 a - 2 scrolls of magic mapping {unknown}
 c - a scroll of identify {unknown}
 d - 3 scrolls of teleportation {unknown}
 g - 5 scrolls of immolation {unknown}
 i - a scroll of noise {unknown}
 j - a scroll of fear {unknown}


   Skills:
 + Level 2.6 Fighting
 - Level 2.0 Dodging
 - Level 2.0 Stealth
 + Level 3.0 Spellcasting
 + Level 2.4 Conjurations
 + Level 1.4 Necromancy
 * Level 4.7 Air Magic


You had 10 spell levels left.
You knew the following spells:

 Your Spells              Type           Power      Damage    Failure   Level
a - Shock                 Conj/Air       48%        1d6       4%          1

Your spell library contained the following spells:

 Spells                   Type           Power      Damage    Failure   Level
 Static Discharge         Conj/Air       12%        N/A       8%          2
 Swiftness                Air            15%        N/A       9%          3
 Animate Skeleton         Necr           12%        N/A       12%         1
 Pain                     Necr           24%        1d5       12%         1
 Sandblast                Erth           4%         2d4       22%         1
 Airstrike                Air            7%         N/A       30%         4
 Passwall                 Tmut/Erth      1%         N/A       32%         2
 Vampiric Draining        Necr           6%         2d6       34%         3
 Stone Arrow              Conj/Erth      10%        3d7       36%         3


Dungeon Overview and Level Annotations

Branches:
Dungeon (4/15)             Temple (0/1) D:4

Altars:
Hepliaklqana
Trog
Xom

Annotations:
D:4 Grinder


Innate Abilities, Weirdness & Mutations

Your plain brown scales are hard. (AC +6)
You cannot fit into any form of body armour.
You are cold-blooded and may be slowed by cold attacks.


Message History

Grinder gestures at you. Pain shoots through your body!
The zap hits Grinder.
Grinder is lightly wounded.
You can't see any susceptible monsters within range! (Use Z to cast anyway.)
The zap hits Grinder.
Grinder is lightly wounded.
The zap hits Grinder.
Grinder is moderately wounded.
You miscast Shock.
You are very lightly contaminated with residual magic.
Nothing appears to happen.
Grinder says, "Are you a fish?" Grinder gestures at you.
You suddenly lose the ability to move!
Grinder gestures at you. You resist with significant effort. Grinder hits you.
You writhe in agony.
You can move again.
You are too injured to fight recklessly!
Casting: Shock (safe; 4% risk of failure)
Confirm with . or Enter, or press ? or * to list all spells.
Aiming: Shock (safe; 4% risk of failure)
Press: ? - help, Shift-Dir - straight line, f/p - Grinder
Aim: Grinder (moderately wounded, 68% to hit)
The zap hits Grinder but does no damage.
Grinder is moderately wounded.
Grinder hits you.
You writhe in agony.
* * * LOW HITPOINT WARNING * * *
Your magical contamination has completely faded away.
It was a potion of flight.
You feel very buoyant.
You fly up into the air.
Grinder hits you.
* * * LOW HITPOINT WARNING * * *
It was a potion of degeneration.
There was something very wrong with that liquid.
You feel weakened.
You feel dopey.
You feel clumsy. Grinder gestures at you. Pain shoots through your body!
You die...

.# ..#..##
....###.##
.......... #
...####.## #.#
.(..###.# ...
......÷.## ..
####.##...
.#..#.#####
#...#.#
.......@5.#
###.#..
####.####.######
#..... #..#...#
#..... ..
#.....#####....#
....#.....#
#...##..
_.......###
#.#####.
....#.#.# ##.#
## ....#.#.#
#..# ... #†#.#
#.##


You could see Grinder.

Vanquished Creatures
  An ogre (D:4)
  A scorpion (D:4)
  2 orc wizards (D:3)
  3 adders
  3 worms
  A dart slug (D:3)
  2 orcs (D:3)
  2 bats
  4 endoplasms
  2 giant cockroaches
  4 goblins
  6 hobgoblins
  7 jackals
  6 kobolds
  3 quokkas
  5 ball pythons
  4 frilled lizards
  10 rats
66 creatures vanquished.

Vanquished Creatures (others)
  2 plants (D:1)
2 creatures vanquished.

Grand Total: 68 creatures vanquished

Notes
Turn   | Place    | Note
-------+----------+-------------------------------------------
     0 | D:1      | vvl the Draconian Air Elementalist began the quest for the
                  | Orb.
     0 | D:1      | Reached XP level 1. HP: 14/14 MP: 3/3
   254 | D:1      | Reached XP level 2. HP: 22/22 MP: 3/5
   319 | D:1      | Found a faded altar of an unknown god.
   750 | D:1      | Reached skill level 1 in Fighting
  1168 | D:2      | Found a shimmering altar of Xom.
  1335 | D:2      | Reached XP level 3. HP: 28/28 MP: 3/6
  2333 | D:3      | Reached XP level 4. HP: 30/35 MP: 2/7
  2561 | D:3      | Reached skill level 4 in Air Magic
  3045 | D:3      | Found a hazy altar of Hepliaklqana.
  3046 | D:3      | Found a faded altar of an unknown god.
  3083 | D:3      | Reached XP level 5. HP: 5/41 MP: 3/9
  3361 | D:3      | Became a worshipper of Hepliaklqana the Forgotten
  3797 | D:4      | Found a staircase to the Ecumenical Temple.
  3797 | D:4      | Noticed an ogre
  3809 | D:4      | Killed an ogre
  3810 | D:4      | Reached skill level 1 in Necromancy
  4097 | D:4      | Reached XP level 6. HP: 35/50 MP: 0/10
  4235 | D:4      | Found a bloodstained altar of Trog.
  4241 | D:4      | Noticed Grinder
  4249 | D:4      | Paralysed by Grinder for 5 turns
  4258 | D:4      | Killed from afar by Grinder

Illustrated notes

Levels and vault maps discovered:
D:1:      beargit_arrival_greenhouse, layout_basic,
          ebering_ecumenical_altar_sacrificial, minmay_misc_feat_four_crosses,
          serial_bayou_lake_a
D:2:      layout_loops_corners, basic_altar
D:3:      layout_basic, beargit_hepliaklqana_dungeon_heroes
D:4:      layout_rooms, old_standard_altar, minmay_temple_entry_junction,
          kennysheep_decorative_pillar, uniq_grinder, uniq_eustachio

Skill      XL: |  1  2  3  4  5 |
---------------+----------------+-----
Fighting       | 1 2 |  2.6
Stealth        | 2 |  2.0
Dodging        | 2 |  2.0
Air Magic      | 4 |  4.7
Conjurations   | 2 |  2.4
Necromancy     | 1 |  1.4
Spellcasting   | 3 |  3.0

Action                   |  1- 3 |  4- 6 || total
-------------------------+-------+-------++-------
Melee: Short sword       |    35 |    30 ||    65
       Tailslap          |     2 |     2 ||     4
 Cast: Shock             |    74 |    63 ||   137
  Use: Potion            |       |     2 ||     2
 Stab: Sleeping          |     2 |       ||     2
Armor: Skin              |    16 |    22 ||    38
Dodge: Dodged            |    23 |    14 ||    37
